 Dungeon Crawl Stone Soup version 0.30-a0-476-g330ca2eb8e (webtiles) character file.

Game seed: 18308759508320600940

6809 M4edhros the Martial Artist (level 11, -15/94 HPs)
             Began as an Octopode Artificer on Dec 20, 2022.
             Was a Priest of Cheibriados.
             Killed from afar by a blizzard demon (50 damage)
             ... with a bolt of cold
             ... in a Gauntlet on Dec 21, 2022.
             The game lasted 00:36:14 (5401 turns).

M4edhros the Martial Artist (Octopode Artificer)    Turns: 5401, Time: 00:36:19

Health: -15/94     AC:  1    Str: 18    XL:     11   Next: 5%
Magic:  20/20      EV: 22    Int: 26    God:    Cheibriados [***...]
Gold:   435        SH:  0    Dex: 23    Spells: 2/10 levels left

rFire   . . .      SeeInvis +      - Unarmed
rCold   . . .      Faith    .    (no shield)
rNeg    . . .      Spirit   .    (helmet restricted)
rPois   +          Reflect  .    (no amulet)
rElec   .          Harm     .    a - +4 ring of slaying
rCorr   .          Rampage  .    l - ring of poison resistance
Will    .....      NoTele   +    z - ring of magical power
Stlth   ..........               e - +4 ring of evasion
HPRegen 0.35/turn                p - ring "Fiucor" {Int+6 Slay+2 SInv}
MPRegen 0.17/turn                (no ring)
                                 (no ring)
                                 (no ring)

@: berserking (expiring), unable to read, very slow
A: almost no armour, amphibious, 8 rings, camouflage 1, gelatinous body 1,
(nimble swimmer 1), tentacles, deterioration 1, frail 1, weak 1, inability to
read after injury 1
a: Renounce Religion, Bend Time, Temporal Distortion


You were in a Gauntlet.
You worshipped Cheibriados.
Cheibriados was most pleased with you.
You visited 2 branches of the dungeon, and saw 12 of its levels.
You also visited: Sewer, Ossuary and Gauntlet.

You collected 435 gold pieces.

Inventory:

Hand Weapons
 h - a +0 sling
Missiles
 m - 3 silver javelins
 A - 41 poisoned darts
 E - 2 curare-tipped darts
Magical Staves
 t - a staff of cold
 G - a staff of earth
Jewellery
 a - a +4 ring of slaying (left tentacle)
 e - a +4 ring of evasion (on tentacle)
 l - a ring of poison resistance (right tentacle)
 p - the ring "Fiucor" (on tentacle) {Int+6 Slay+2 SInv}
   (You found it in a Gauntlet)

   [ring of intelligence]

   Int:       It affects your intelligence (+6).
   Slay:      It affects your accuracy & damage with ranged weapons and melee
   (+2).
   SInv:      It lets you see invisible.
 z - a ring of magical power (on tentacle)
 L - an amulet of the acrobat
Wands
 b - a wand of flame (2) (quivered)
 c - a wand of charming (3)
 d - a wand of iceblast (3)
 x - a wand of quicksilver (9)
 y - a wand of digging (13)
Scrolls
 f - 2 scrolls of teleportation
 g - 2 scrolls of poison
 i - 2 scrolls of immolation {unknown}
 q - 2 scrolls of acquirement {unknown}
 r - 2 scrolls of fog {unknown}
 s - a scroll of magic mapping
 v - 2 scrolls of blinking
 w - 2 scrolls of fear
 C - 2 scrolls of noise
 H - a scroll of amnesia
 J - a scroll of silence
 K - a scroll of torment
Potions
 j - 2 potions of might
 k - a potion of berserk rage
 n - a potion of invisibility
 o - 2 potions of haste
 u - 2 potions of heal wounds
 B - 2 potions of curing
 D - 2 potions of flight
 F - a potion of attraction
 I - a potion of magic


   Skills:
 - Level 5.0 Fighting
 + Level 5.8 Ranged Weapons
 + Level 7.0 Dodging
 - Level 7.3 Stealth
 * Level 9.3 Unarmed Combat
 - Level 3.5 Transmutations
 - Level 4.4 Poison Magic
 - Level 6.4 Evocations


You had 2 spell levels left.
You knew the following spells:

 Your Spells              Type           Power      Damage    Failure   Level
a - Spider Form           Tmut/Pois      20%        N/A       8%          3
b - Blade Hands           Tmut           9%         N/A       63%         5

Your spell library contained the following spells:

 Spells                   Type           Power      Damage    Failure   Level
 Blink                    Tloc           0%         N/A       19%         2
 Ensorcelled Hibernation  Hex/Ice        0%         N/A       19%         2
 Momentum Strike          Conj/Tloc      0%         3d8       19%         2
 Scorch                   Fire           0%         2d5       19%         2
 Ignite Poison            Fire/Tmut/Pois 13%        N/A       13%         3
 Kindle Blastsparks       Fire/Tloc/Air  0%         2d10      36%         3
 Lesser Beckoning         Tloc           0%         N/A       36%         3
 Ozocubu's Armour         Ice            0%         N/A       36%         3
 Anguish                  Hex/Necr       0%         N/A       77%         4
 Flame Wave               Conj/Fire      0%         2d4       77%         4
 Irradiate                Conj/Tmut      4%         3d13      86%         5
 Freezing Cloud           Conj/Ice/Air   0%         6-21      98%         5
 Summon Cactus Giant      Summ           0%         N/A       100%        6
 Dragon Form              Tmut           9%         N/A       100%        7
 Ozocubu's Refrigeration  Ice            0%         4d7       100%        7


Dungeon Overview and Level Annotations

Branches:
Dungeon (11/15)            Temple (1/1) D:7            Lair (0/5) D:11
  Sewer (visited)         Ossuary (visited)         Gauntlet (1/1)
    Orc: D:9-12

Altars:
Cheibriados
Dithmenos
Elyvilon
Fedhas
Gozag
Kikubaaqudgha
Makhleb
Nemelex Xobeh
Okawaru
Qazlal
Ru
Sif Muna
Trog
Uskayaw
Vehumet
Wu Jian
Xom
Yredelemnul
Zin
The Shining One

Annotations:
Gauntlet 7 transporters


Innate Abilities, Weirdness & Mutations

You cannot wear most types of armour.
You are amphibious.
You can wear up to eight rings at the same time.
Your skin changes colour to match your surroundings (Stealth+).
Your rubbery body absorbs attacks. (AC +1, EV +1)
((You are camouflaged when in or above water. (Stealth+)))
You have tentacles for arms and can constrict up to eight enemies at once.
Your body sometimes deteriorates upon taking damage.
You are frail. (-10% HP)
You are weak. (Str -2)
You occasionally lose the ability to read scrolls when taking damage.


Message History

Blink to where?
Press: ? - help, Dir - move target
As you read the scroll of blinking, it crumbles to dust.
L - an amulet of the acrobat The blizzard demon gestures at you.
The bolt of lightning misses you.
There is a transporter here.
A red film seems to cover your vision as you go berserk!
Cheibriados forces you to slow down.
You feel mighty!
Something hits the plant!
The plant begins to die.
Something freezes the plant!
The blizzard demon closely misses you. The blizzard demon hits you.
You tentacle-slap the blizzard demon. You squeeze the blizzard demon!
The blizzard demon is moderately wounded.
Something hits the plant!
Something freezes the plant!!
The blizzard demon completely misses you.
The blizzard demon hits you!
You batter the blizzard demon!!
The blizzard demon is heavily wounded.
A nearby fungus withers and dies.
You tentacle-slap the blizzard demon.
The blizzard demon is severely wounded.
Something hits the plant.
Something freezes the plant!
The blizzard demon barely misses you. The blizzard demon misses you.
You tentacle-slap the blizzard demon.
The blizzard demon is severely wounded.
The blizzard demon closely misses you. The blizzard demon hits you!
Something hits the plant!
Something freezes the plant!
You completely miss the blizzard demon. Your squeeze misses the blizzard demon.
The blizzard demon is severely wounded.
A nearby plant withers and dies.
The blizzard demon gestures at you. The bolt of cold hits you!!
You tentacle-slap the blizzard demon.
The blizzard demon is severely wounded.
The blizzard demon gestures at you. The bolt of cold hits you!!!
You feel threatened and lose the ability to read scrolls!
Ouch! That really hurt!
You die...

............. 8.8.©.©.8.8
......... # ### #########
### ##
≈###≈###.......###≈###≈##
≈≈#≈≈≈#..∩.8.∩..#≈≈≈#≈≈≈#
≈.....................≈#
#.#########.#########.##
≈.#Z#[©!.Z#.#.?.@}..#.≈##
≈.#Z#/.##.#.#.#2#.#.#.≈≈#
≈.#..##..##.#.......#.≈##
#.##.^©^.####.#.§.#.#.##
≈.##..##.Z#.#..P4P..#.≈##
≈.#.##..#.#.#.⌠.8.8.#.≈≈#
≈.#.....#.#.#.......#.≈##
#.#########.#########.##
≈....#©.........§#....≈##


You could see a blizzard demon, a harpy simulacrum and a meliai simulacrum.

Vanquished Creatures
  Erolcha (D:10)
  2 two-headed ogres (D:9)
  Pikel (D:4)
  A troll (D:9)
  Sigmund (D:3)
  A ynoxinul (Gauntlet)
  A wyvern (D:8)
  A shadow (D:9)
  A steam dragon (D:10)
  Menkaure (D:7)
  3 acid dragons
  Pargi (Sewer)
  An ice beast (D:8)
  An ogre (D:4)
  2 boggarts (Gauntlet)
  3 centaurs
  A lemure (D:4)
  3 kobold brigands
  A necrophage (D:6)
  2 bullfrogs
  2 gnoll sergeants
  A scorpion (D:5)
  10 wights
  4 killer bees (D:10)
  4 howler monkeys
  A centaur zombie (Ossuary)
  2 orc priests
  A gnoll bouda (D:7)
  A hound (D:5)
  2 jellies
  3 iron imps (Gauntlet)
  Terence (D:3)
  2 iguanas (D:5)
  4 orc wizards
  4 mummies (Ossuary)
  16 gnolls
  5 adders
  A shadow imp (D:8)
  A white imp (D:5)
  An ufetubus (D:4)
  2 dart slugs
  3 worms (D:2)
  25 orcs
  6 endoplasms
  9 giant cockroaches
  2 goblins
  6 hobgoblins
  6 jackals
  36 kobolds
  4 quokkas (D:4)
  2 training dummies (D:6)
  8 ball pythons
  7 bats
  2 frilled lizards
  4 hobgoblin zombies (Ossuary)
  5 rats
222 creatures vanquished.

Vanquished Creatures (collateral kills)
  Ijyb (D:3)
  A mummy (Ossuary)
  A giant cockroach (D:2)
  A hobgoblin (D:3)
  A goblin (D:3)
  A hobgoblin zombie (Ossuary)
  A kobold (D:3)
7 creatures vanquished.

Vanquished Creatures (others)
  A worldbinder (Gauntlet)
  A gnoll (D:7)
  2 demonic plants (D:1)
  A fungus (Gauntlet)
  28 plants
  2 withered plants (D:1)
35 creatures vanquished.

Grand Total: 264 creatures vanquished

Notes
Turn   | Place    | Note
-------+----------+-------------------------------------------
     0 | D:1      | M4edhros the Octopode Artificer began the quest for the
                  | Orb.
     0 | D:1      | Reached XP level 1. HP: 13/13 MP: 1/1
   174 | D:1      | Reached XP level 2. HP: 12/18 MP: 2/2
   408 | D:3      | Noticed Ijyb
   428 | D:3      | Reached skill level 1 in Unarmed Combat
   486 | D:2      | Upgraded the game from 0.30-a0-474-g5673dd7ce6 to
                  | 0.30-a0-476-g330ca2eb8e
   488 | D:2      | Reached XP level 3. HP: 23/23 MP: 3/3
   584 | D:3      | Noticed Terence
   595 | D:3      | Killed Ijyb
   603 | D:3      | Found a glowing silver altar of Zin.
   608 | D:3      | Reached XP level 4. HP: 17/28 MP: 4/4
   627 | D:3      | Reached skill level 2 in Unarmed Combat
   697 | D:4      | Found a glowing drain.
   719 | Sewer    | Entered a sewer
   777 | Sewer    | Noticed Pargi
   786 | Sewer    | Killed Pargi
   787 | Sewer    | Reached XP level 5. HP: 31/34 MP: 5/5
   864 | D:4      | Reached skill level 3 in Unarmed Combat
   909 | D:4      | Noticed an ogre
   922 | D:4      | Killed an ogre
   923 | D:4      | Reached XP level 6. HP: 41/41 MP: 6/6
  1019 | D:5      | Entered Level 5 of the Dungeon
  1121 | D:6      | Found a sand-covered staircase.
  1127 | Ossuary  | Entered an ossuary
  1236 | Ossuary  | Reached XP level 7. HP: 37/45 MP: 7/7
  1325 | D:7      | Reached skill level 4 in Unarmed Combat
  1464 | D:5      | Reached skill level 1 in Ranged Weapons
  1500 | D:5      | Found an opulent altar of Gozag.
  1600 | D:6      | Reached skill level 5 in Stealth
  1600 | D:6      | Reached skill level 5 in Evocations
  1613 | D:6      | Reached XP level 8. HP: 46/52 MP: 8/8
  1676 | D:7      | Noticed Menkaure
  1683 | D:7      | Killed Menkaure
  1976 | D:6      | Reached skill level 5 in Unarmed Combat
  2143 | D:4      | Noticed Pikel
  2151 | D:4      | Killed Pikel
  2512 | D:5      | Found an iron altar of Okawaru.
  2611 | D:6      | You fall into a shaft and drop 1 floor!
  2648 | D:7      | Reached skill level 6 in Unarmed Combat
  2648 | D:7      | Reached XP level 9. HP: 51/59 MP: 9/9
  2783 | D:7      | Found a staircase to the Ecumenical Temple.
  2790 | D:7      | Reached skill level 5 in Dodging
  2807 | Temple   | Entered the Ecumenical Temple
  2842 | Temple   | Became a worshipper of Xom of Chaos
  2919 | D:7      | Found a snail-covered altar of Cheibriados.
  2924 | D:7      | Fell from the grace of Xom
  2924 | D:7      | Became a worshipper of Cheibriados the Contemplative
  3125 | D:3      | Found a sparkling altar of Nemelex Xobeh.
  3137 | D:3      | Killed Terence
  3161 | D:3      | Noticed Sigmund
  3167 | D:3      | Killed Sigmund
  3483 | D:1      | XOM: summons 1 hostile shadow creature
  3484 | D:1      | Found a faded altar of an unknown god.
  3551 | D:1      | XOM: draining
  3664 | D:4      | Reached * piety under Cheibriados
  3879 | D:8      | Was placed under penance by Cheibriados
  3883 | D:8      | Was forgiven by Cheibriados
  3974 | D:8      | Found a glowing golden altar of the Shining One.
  3980 | D:8      | Reached skill level 5 in Fighting
  4034 | D:9      | Noticed a two-headed ogre
  4079 | D:8      | Found a white marble altar of Elyvilon.
  4093 | D:8      | Reached skill level 7 in Unarmed Combat
  4210 | D:9      | Learned a level 3 spell: Spider Form
  4326 | D:9      | Reached skill level 1 in Transmutations
  4326 | D:9      | Reached skill level 1 in Poison Magic
  4393 | D:9      | Killed a two-headed ogre
  4394 | D:9      | Reached XP level 10. HP: 66/66 MP: 10/10
  4410 | D:9      | XOM: give mutations
  4410 | D:9      | Gained mutation: You occasionally lose the ability to read
                  | scrolls when taking damage. [Xom's mischief]
  4410 | D:9      | Gained mutation: Your body sometimes deteriorates upon
                  | taking damage. [Xom's mischief]
  4410 | D:9      | Gained mutation: You are frail. (-10% HP) [Xom's mischief]
  4410 | D:9      | Gained mutation: You are weak. (Str -2) [Xom's mischief]
  4454 | D:9      | Reached ** piety under Cheibriados
  4508 | D:9      | Noticed a two-headed ogre
  4514 | D:9      | Killed a two-headed ogre
  4515 | D:9      | Reached skill level 8 in Unarmed Combat
  4552 | D:10     | Entered Level 10 of the Dungeon
  4642 | D:10     | Reached skill level 5 in Ranged Weapons
  4797 | D:10     | Noticed Erolcha
  4803 | D:10     | Killed Erolcha
  4992 | D:10     | Found a stormy altar of Qazlal.
  4999 | D:10     | Found a hide-covered altar of Uskayaw.
  5122 | D:10     | XOM: noise
  5142 | D:11     | Learned a level 5 spell: Blade Hands
  5151 | D:11     | Found a gate leading to a gauntlet.
  5166 | D:11     | Reached skill level 9 in Unarmed Combat
  5177 | Gauntlet | Entered a Gauntlet
  5177 | Gauntlet | Noticed a worldbinder
  5177 | Gauntlet | Found a transporter.
  5177 | Gauntlet | Found a transporter.
  5177 | Gauntlet | Found a runed translucent door.
  5185 | Gauntlet | Found a transporter.
  5189 | Gauntlet | Found a transporter.
  5193 | Gauntlet | Noticed a smoke demon
  5202 | Gauntlet | Found a transporter.
  5206 | Gauntlet | Found a transporter.
  5217 | Gauntlet | Found a transporter.
  5233 | Gauntlet | Found a transporter.
  5234 | Gauntlet | Noticed a blizzard demon
  5247 | Gauntlet | Found a transporter.
  5251 | Gauntlet | Found a transporter.
  5259 | Gauntlet | Found a transporter.
  5263 | Gauntlet | Found a transporter.
  5270 | Gauntlet | Found a runed translucent door.
  5286 | Gauntlet | Found a runed translucent door.
  5308 | Gauntlet | Noticed a bog body
  5308 | Gauntlet | Noticed a goliath frog
  5312 | Gauntlet | Killed a worldbinder
  5315 | Gauntlet | Reached XP level 11. HP: 47/63 MP: 11/11
  5315 | Gauntlet | Reached *** piety under Cheibriados
  5318 | Gauntlet | Identified the ring "Fiucor" {Int+6 Slay+2 SInv}
  5401 | Gauntlet | Killed from afar by a blizzard demon

Illustrated notes

Levels and vault maps discovered:
D:1:      dpeg_arrival_rooms_b, layout_basic, serial_curves, eino_curves_02,
          eino_curves_02, shapermc_ecumenical_altar_gd
D:2:      layout_basic, minmay_bisected
D:3:      layout_loops_cross, nemelex_xobeh_ov_fountains_minmay, zin_statuary,
          uniq_ijyb, uniq_terence, uniq_sigmund
D:4:      kennysheep_kobold_camp, layout_loops_cross, gup_sewer_entry_pipe,
          minmay_misc_feat_room, minivault_5, uniq_pikel,
          uniq_crazy_yiuf_cottage
D:5:      layout_loops_ring, grunt_gozag_statues, mainiacjoe_overflow_alcove_1,
          serial_bayou, serial_bayou_crossing, serial_bayou_shore_b,
          serial_bayou_pond_d, serial_bayou_pond_e, serial_bayou_lagoon_a,
          serial_bayou_pond_c, minmay_fractal_squares_5
D:6:      dreamdust_elfheim, layout_rooms, general_overflow_altar,
          worldfamousw_hep_ancestral_shrine,
          nicolae_ossuary_entry_false_entrances
D:7:      layout_basic, kennysheep_slug_shrine, temple_fountains, uniq_menkaure
D:8:      layout_loops_cross, mainiacjoe_overflow_cross_hatched,
          lemuel_tele_altar
D:9:      layout_loops_ring
D:10:     layout_stronghold, mainiacjoe_overflow_big_doors, grunt_ministairs_12,
          uniq_lodul, uniq_maurice, uniq_erolcha
D:11:     nicolae_cairo_tiling_large, layout_small_grid, lair_entry_dummy,
          portal_ice_cave_entry_pillars_2, gauntlet_entry_generic
Temple:   hellmonk_temple_of_storms
Gauntlet: minmay_gauntlet_77_indecision [minmay_gauntlet_arena_77_two_lines,
          minmay_gauntlet_arena_77_cramped,
          minmay_gauntlet_arena_77_broken_ladder, minmay_gauntlet_arena_77_path,
          minmay_gauntlet_arena_77_squiggly, minmay_gauntlet_arena_77_museum,
          gauntlet_exit_hidden_loot]

Skill      XL: |  1  2  3  4  5  6  7  8  9 10 11 |
---------------+----------------------------------+-----
Unarmed Combat | 1 2 3 4 6 7 9 |  9.3
Stealth        | 2 3 4 5 6 7 |  7.3
Fighting       | 2 3 4 5 |  5.0
Dodging        | 3 4 6 7 |  7.0
Evocations     | 4 5 6 |  6.4
Ranged Weapons | 1 3 4 5 |  5.8
Transmutations | 1 3 |  3.5
Poison Magic   | 2 4 |  4.4

Action                   |  1- 3 |  4- 6 |  7- 9 | 10-12 || total
-------------------------+-------+-------+-------+-------++-------
Melee: Unarmed           |    30 |    75 |   170 |   102 ||   377
       Constrict         |     4 |    23 |    45 |    22 ||    94
       Tentacles         |     5 |    15 |    52 |    33 ||   105
       Punch             |       |     3 |    14 |     4 ||    21
 Fire: Sling             |       |    38 |   141 |     4 ||   183
Evoke: Wand              |     6 |     9 |    26 |     6 ||    47
  Use: Potion            |     1 |       |     2 |     3 ||     6
       Scroll            |       |     7 |     7 |     8 ||    22
 Stab: Sleeping          |     6 |     4 |    14 |     1 ||    25
       Paralysed         |       |       |    14 |       ||    14
       Distracted        |       |       |     1 |       ||     1
Armor: Skin              |     3 |     3 |     8 |       ||    14
Dodge: Dodged            |    14 |    30 |   149 |   104 ||   297

Table legend: (Time is in decaauts)
 A = Elapsed time spent in this place.
 B = Non-inter-level travel time spent in this place.
 C = Inter-level travel time spent in this place.
 D = Time resting spent in this place.
 E = Time spent auto-exploring this place.
 F = Levels seen in this place.
 G = Mean time per level.
                   A        B        C        D        E       F      G
               +--------+--------+--------+--------+--------+-----+--------+
         Total |   6261 |   5432 |    829 |     29 |    479 |  15 |  417.4 |
       Dungeon |   5607 |   4787 |    820 |     29 |    426 |  11 |  509.7 |
        Temple |     44 |     35 |      9 |      0 |      0 |   1 |   44.0 |
         Sewer |    108 |    108 |      0 |      0 |     36 |   1 |  108.0 |
       Ossuary |    177 |    177 |      0 |      0 |     17 |   1 |  177.0 |
      Gauntlet |    323 |    323 |      0 |      0 |      0 |   1 |  323.0 |
               +--------+--------+--------+--------+--------+-----+--------+

Top non-repeatable levels by time:
     D:4: 883 daAuts
    D:10: 680 daAuts
     D:7: 633 daAuts
     D:9: 601 daAuts
     D:2: 600 daAuts
     D:8: 447 daAuts
     D:3: 436 daAuts
     D:1: 433 daAuts
     D:5: 423 daAuts
     D:6: 415 daAuts
Gauntlet: 323 daAuts
 Ossuary: 177 daAuts
   Sewer: 108 daAuts
    D:11: 52 daAuts
  Temple: 44 daAuts
